AoeStats
← 一剑扫秋风nelson

African Clearing

504990389Analyzed
3v3 RM · 26d ago on Sep 7, 2026· 25m 50s· 6 players
Game mode
Random Map
Map size
Normal (6 player)
Population
200
Speed
Normal
Resources
Standard
Victory
Conquest
Starting age
Dark Age
Ending age
Imperial Age
RankedLock teamsTeams togetherTeam positionsShared explorationLock speedFull tech treeHidden civsTurbo modeCheats
Victory
Defeat
🇮🇹 Burmese · Italy
1881
+8
🇳🇱 Burgundians · Netherlands
1704
+14
🇵🇱 Vietnamese · Poland
1637
+17
1864
-21
🇭🇰 Malians · Hong Kong SAR China
1567
-9
🇻🇳 Sicilians · Vietnam
1560
-9
murkbey
13:06 Feudal Age
11:58 Double-Bit Axe
17:26 Castle Age
16:10 Bow Saw
17:33 Light Cavalry
19:21 Two-Man Saw
19:23 Scale Barding Armor
22:18 Loom
23:21 Husbandry
24:56 Wheelbarrow
24:06 Town Watch
OS | dreamerion92
11:32 Loom
13:45 Feudal Age
15:06 Town Watch
17:48 Castle Age
18:42 Gold Mining
26:36 Redemption
Seven4Ever
6:34 Loom
13:33 Feudal Age
14:20 Town Watch
18:32 Castle Age
17:12 Double-Bit Axe
19:06 Fletching
Thien Long Xuyen
10:26 Loom
12:42 Feudal Age
17:49 Castle Age
17:57 Scale Barding Armor
一剑扫秋风nelson
11:25 Loom
15:35 Feudal Age
19:45 Castle Age
18:06 Double-Bit Axe
18:37 Horse Collar
21:13 Gold Mining
大庆Song
8:44 Loom
15:35 Feudal Age
19:11 Castle Age
18:57 Double-Bit Axe
22:32 Fishing Lines
Connection lost

Rejoining the realm…

Still unreachable

The connection could not be restored.

Session expired

The server has moved on; the page needs a fresh start.